Cogmind - Beta 9.4 @@@ ROGUE MODE // 2020.02.11 @ 10:32:25 Player: s0lid Result: Self-destructed Performance ------------- Evolutions (2) 1000 Regions Visited (3) 600 Robots Destroyed (28) 140 Value Destroyed (566) 566 Prototype IDs (2) 40 Alien Tech Used (0) 0 Bonus (0) 0 TOTAL SCORE: 2346 Bonus ------- None Cogmind --------- Core Integrity 442/550 Matter 300/300 Energy 290/290 System Corruption 1% Temperature Cool (0) Movement Treading (165) Location -8/Materials Parts ------- > --- POWER (1) -------- Improved Deuterium Engine > --- PROPULSION (4) --- Light Treads Armored Treads > --- UTILITY (4) ------ Large Storage Unit Advanced Targeting Computer Hacking Suite > --- WEAPON (2) ------- (None) > --- INVENTORY (10) --- Light Nuclear Core Improved Deuterium Engine Medium Storage Unit Advanced Visual Processing Unit Sensor Array Improved ECM Suite Hacking Suite Hacking Suite Hacking Suite Component Analysis Suite Peak State ------------ > --- POWER ------------ Improved Deuterium Engine > --- PROPULSION ------- Improved Hover Unit Improved Hover Unit Improved Hover Unit Improved Hover Unit > --- UTILITY ---------- Large Storage Unit Advanced Targeting Computer Hacking Suite Hacking Suite > --- WEAPON ----------- Improved Medium Laser Improved Medium Laser > --- INVENTORY -------- Light Nuclear Core Improved Deuterium Engine Light Treads Medium Storage Unit Sensor Array Hacking Suite Hacking Suite Hacking Suite Component Analysis Suite Beam Rifle [Rating: 30] Favorites ----------- Power Ion Engine Engine Ion Engine Propulsion Improved Hover Unit Treads Light Treads Wheel Compact Wheel Hover Unit Improved Hover Unit Utility Hacking Suite Device Sensor Array Storage Medium Storage Unit Processor Advanced Targeting Computer Hackware Hacking Suite Weapon EM Pulse Gun Energy Gun EM Pulse Gun Build | -11 -10 -9 -8 ------- Run | Scr Mat Mat Mat Slots Evolved 4 | . . 2 2 Power . | . . . . Propulsion 2 | . . 2 . Utility 2 | . . . 2 Weapon . | . . . . Parts Attached 34 | 6 11 9 8 Power 4 | 1 1 1 1 Engine 4 | 1 1 1 1 Core . | . . . . Reactor . | . . . . Propulsion 11 | 2 2 4 3 Treads 5 | 1 . 1 3 Leg . | . . . . Wheel 1 | 1 . . . Hover 5 | . 2 3 . Flight . | . . . . Utility 9 | 1 4 1 3 Device 1 | . 1 . . Storage 4 | 1 2 1 . Processor 2 | . . . 2 Hackware 2 | . 1 . 1 Protection . | . . . . Artifact . | . . . . Weapon 10 | 2 4 3 1 Energy Gun 10 | 2 4 3 1 Energy Cannon . | . . . . Ballistic Gun . | . . . . Ballistic Cannon . | . . . . Launcher . | . . . . Special Weapon . | . . . . Impact Weapon . | . . . . Slashing Weapon . | . . . . Piercing Weapon . | . . . . Special Melee Weapon . | . . . . Unidentified Prototypes . | . . . . Parts Lost 10 | . . 1 9 Power . | . . . . Propulsion 6 | . . 1 5 Utility 1 | . . . 1 Weapon 3 | . . . 3 Highest Loss Streak 4 | . . 1 4 Average Slot Usage (%) 96 | . 97 94 95 Engine 11 | . 14 11 9 Treads 9 | . 10 . 10 Wheel 5 | . 10 . . Hover 17 | . 6 41 21 Storage 16 | . 24 11 9 Processor 3 | . . . 9 Hackware 9 | . 2 11 17 Energy Gun 21 | . 26 18 17 Naked Turns . | . . . . Heaviest Build 32 | 13 27 29 32 Greatest Support 60 | 16 16 32 60 Greatest Overweight (x) 3 | . 3 1 1 Average Overweight (x) . | . . . . Largest Inventory Capacity 12 | 6 12 10 10 Average Capacity 10 | 5 10 9 10 Most Carried 12 | 5 12 10 10 Average Carried 9 | 2 9 9 9 Final Capacity 10 | 6 8 10 10 Final Carried 10 | 5 8 10 10 Class Distribution -------------------- 63% | Mutant 36% | Hacker-Mutant Dominant Class ---------------- Mutant | -10/Materials Mutant | -9/Materials Hacker-Mutant | -8/Materials Resources | -11 -10 -9 -8 ----------- Run | Scr Mat Mat Mat Matter Collected 565 | 39 371 75 80 Remotely . | . . . . Salvage Created 983 | . 365 146 472 Parts 63 | . 31 10 22 Haulers Intercepted 3 | . 1 1 1 Recyclers Shooed . | . . . . Parts Field Recycled . | . . . . Retrieved Matter . | . . . . Parts Self-Destructed . | . . . . Prevented . | . . . . Kills | -11 -10 -9 -8 ------- Run | Scr Mat Mat Mat Combat Hostiles Destroyed 17 | . 10 2 5 Guns 16 | . 9 2 5 AOE 1 | . 1 . . Classes Destroyed 9 | . 6 2 1 Worker 3 | . . 1 2 Builder 2 | . 2 . . Hauler 3 | . 1 1 1 Recycler 1 | . . . 1 Operator 1 | . 1 . . Watcher 1 | . 1 . . Swarmer 8 | . 8 . . Grunt 5 | . 2 . 3 Sentry 4 | . . 2 2 Best Kill Streak 7 | . 7 2 4 Combat Bots Only 4 | . 4 2 2 Max Kills in Single Turn 2 | . 2 1 1 Gunslinging . | . . . . Exploded 1 | . 1 . . Melee . | . . . . Uniques/NPCs Destroyed . | . . . . Combat | -11 -10 -9 -8 -------- Run | Scr Mat Mat Mat Damage Taken 1338 | . 327 176 835 Core 200 | . 50 42 108 Absorbed by Shields . | . . . . Core Remaining (%) 89 | 100 80 89 . Volleys Fired 72 | . 27 10 35 Largest 2 | . 2 2 2 Hottest 130 | . 130 130 112 Shots Fired 138 | . 54 18 66 Gun 138 | . 54 18 66 Cannon . | . . . . Launcher . | . . . . Special . | . . . . Kinetic . | . . . . Thermal 90 | . 6 18 66 Explosive . | . . . . Electromagnetic 48 | . 48 . . Robot Hit Streak 14 | . 4 14 10 Robot Miss Streak 5 | . 5 2 3 Penetration Max . | . . . . Secondary Targets 1 | . 1 . . Max Gunslinging Chain 1 | . 1 . . Shots Hit Robots 90 | . 32 14 44 Core Hits 53 | . 20 16 17 Critical Hits . | . . . . Critical Kills . | . . . . Critical Parts Destroyed . | . . . . Melee Attacks . | . . . . Impact . | . . . . Slashing . | . . . . Piercing . | . . . . Sneak Attacks . | . . . . Combat Hostiles . | . . . . Follow-up Attacks . | . . . . Damage Inflicted 1521 | . 521 220 780 Guns 1379 | . 379 220 780 Cannons . | . . . . Explosions 142 | . 142 . . Melee . | . . . . Ramming . | . . . . Kinetic . | . . . . Thermal 1173 | . 173 220 780 Explosive . | . . . . Electromagnetic 348 | . 348 . . Impact . | . . . . Slashing . | . . . . Piercing . | . . . . Highest Corruption 1 | . . . 1 Average Corruption 1 | . . . 1 Corruption Purged . | . . . . Effects 2 | . . . 2 Targeting Errors 1 | . . . 1 Weapon Failures 1 | . . . 1 Overload Shots . | . . . . Overflow Damage . | . . . . Projectiles . | . . . . Explosions . | . . . . Melee . | . . . . Knockbacks . | . . . . Impact . | . . . . Kinetic . | . . . . Secondary . | . . . . Self-Inflicted Damage 101 | . 101 . . Shots 3 | . 3 . . Rammed . | . . . . Targets Rammed . | . . . . Kicked . | . . . . Crushed . | . . . . Highest Temperature 535 | . 252 291 535 Average Temperature 129 | . 83 127 159 Received Heat Transfer 546 | . 69 54 423 Effects 8 | . . 5 3 Shutdowns 1 | . . . 1 Energy Bleed 1 | . . 1 . Interference 4 | . . 4 . Matter Decay 1 | . . . 1 Damage (major) 1 | . . . 1 Siege Activations . | . . . . Robots Corrupted . | . . . . Combat Hostiles . | . . . . Parts Fried 1 | . 1 . . Impact Corruptions . | . . . . Robots Melted . | . . . . Combat Hostiles . | . . . . Parts Melted . | . . . . Heat Transferred 2331 | . 190 365 1776 Parts Sabotaged . | . . . . Parts Stolen . | . . . . Parts Stripped . | . . . . Power Chain Reactions 3 | . 3 . . Missiles Intercepted . | . . . . Alert | -11 -10 -9 -8 ------- Run | Scr Mat Mat Mat Peak Influence 238 | . 238 87 184 Average Influence 66 | . 64 34 88 Maximum Alert Level 1 | . 1 . . Low Security (%) 96 | 100 92 100 100 Level 1 3 | . 7 . . Level 2 . | . . . . Level 3 . | . . . . Level 4 . | . . . . Level 5 . | . . . . High Security . | . . . . Max Security . | . . . . Squads Dispatched 5 | . 2 1 2 Investigation 2 | . 1 . 1 Extermination . | . . . . Reinforcement 3 | . 1 1 1 Assault . | . . . . Garrison . | . . . . Intercept . | . . . . Construction Impeded . | . . . . Haulers Reinforced . | . . . . Stealth | -11 -10 -9 -8 --------- Run | Scr Mat Mat Mat Distress Signals 4 | . 2 . 2 Communications Jammed . | . . . . Distress Signals . | . . . . Times Spotted 37 | . 19 3 15 Peak Tracking Total 6 | . 6 2 6 Tactical Retreats 4 | . 2 . 2 Traps | -11 -10 -9 -8 ------- Run | Scr Mat Mat Mat Traps Triggered 2 | . . . 2 Indirectly . | . . . . Trap Hack Attempts . | . . . . Triggered . | . . . . Disarmed . | . . . . Reprogrammed . | . . . . Reused . | . . . . Traps Extracted . | . . . . Installed . | . . . . Triggered . | . . . . Machines | -11 -10 -9 -8 ---------- Run | Scr Mat Mat Mat Machines Disabled 4 | . . 1 3 Max in Single Turn 1 | . . 1 1 Machines Sabotaged . | . . . . Garrisons Compromised . | . . . . Overloaded Fab Kills . | . . . . Fab Network Shutdowns . | . . . . Hacking | -11 -10 -9 -8 --------- Run | Scr Mat Mat Mat Machines Accessed 12 | . 6 4 2 Terminals 12 | . 6 4 2 Fabricators . | . . . . Repair Stations . | . . . . Recycling Units . | . . . . Scanalyzers . | . . . . Garrison Access . | . . . . Total Hacks 25 | . 15 5 5 Successful 17 | . 8 5 4 Failed 8 | . 7 . 1 Catastrophic 1 | . 1 . . Database Lockouts . | . . . . Manual 17 | . 10 3 4 Terminals 25 | . 15 5 5 Fabricators . | . . . . Repair Stations . | . . . . Recycling Units . | . . . . Scanalyzers . | . . . . Garrison Access . | . . . . Terminal Hacks 10 | . 5 2 3 Prototype ID Bank 1 | . 1 . . Terminal Index 1 | . . 1 . Alert Level 1 | . 1 . . Unreport Threat 2 | . 1 1 . Locate Traps 1 | . 1 . . Recall Investigation 1 | . . . 1 Recall Reinforcements 2 | . 1 . 1 Hauler Manifests 1 | . . . 1 Fabricator Hacks . | . . . . Repair Station Hacks . | . . . . Recycling Unit Hacks . | . . . . Scanalyzer . | . . . . Garrison Access Hacks . | . . . . Unauthorized Hacks 16 | . 8 6 2 Terminals 7 | . 3 3 1 Assimilate 2 | . . 1 1 Botnet 5 | . 3 2 . Fabricators . | . . . . Repair Stations . | . . . . Recycling Units . | . . . . Scanalyzers . | . . . . Garrison Access . | . . . . Data Cores Recovered . | . . . . Used . | . . . . Hacking Detections 8 | . 4 3 1 Full Trace Events 1 | . 1 . . Feedback Events . | . . . . Feedback Blocked . | . . . . Robot Schematics Acquired . | . . . . Robots Built . | . . . . Matter . | . . . . Time . | . . . . Total Robot Build Rating . | . . . . Part Schematics Acquired . | . . . . Parts Built . | . . . . Matter . | . . . . Time . | . . . . Total Part Build Rating . | . . . . Parts Repaired . | . . . . Time . | . . . . Parts Recycled . | . . . . Recycled Matter . | . . . . Retrieved Matter . | . . . . Retrieved Components . | . . . . Parts Scanalyzed . | . . . . Part Schematics Acquired . | . . . . Parts Damaged . | . . . . Bothacking | -11 -10 -9 -8 ------------ Run | Scr Mat Mat Mat Used RIF Installer . | . . . . Robots Hacked . | . . . . Non-combat . | . . . . Combat . | . . . . Robot Hacks Applied . | . . . . Relay Couplers Released . | . . . . Robots Rewired . | . . . . Allies Hacked . | . . . . Hacks Repelled . | . . . . Allies | -11 -10 -9 -8 -------- Run | Scr Mat Mat Mat Total Allies . | . . . . Largest Group . | . . . . Highest-Rated Group . | . . . . Highest-Rated Ally . | . . . . Total Orders . | . . . . Ally Attacks . | . . . . Total Damage . | . . . . Kills . | . . . . Allies Corrupted . | . . . . Allies Melted . | . . . . Intel | -11 -10 -9 -8 ------- Run | Scr Mat Mat Mat Robot Analysis Total . | . . . . Derelict Logs Recovered . | . . . . Drone Launches . | . . . . Drone Recoveries . | . . . . Exploration | -11 -10 -9 -8 ------------- Run | Scr Mat Mat Mat Turns Passed 1240 | 53 555 175 457 Spaces Moved 901 | 38 379 182 302 Core 1 | 1 . . . Treads 61 | . . . 61 Legs . | . . . . Wheels 336 | 37 299 . . Hover 503 | . 80 182 241 Flight . | . . . . Fastest Speed 48 | 50 56 48 48 Average Speed 90 | 98 100 51 101 Slowest Speed 245 | 100 245 132 165 Overloaded Moves . | . . . . Propulsion Burnouts . | . . . . Robots Hopped . | . . . . Cave-ins Triggered . | . . . . Exploration Rate (%) 30 | 4 70 19 29 Regions Visited 3 Branch Regions . Pre-discovered Areas . | . . . . Known Exits Taken . | . . . . Unknown Exits Taken 3 | 1 1 1 . Scrap Searched . | . . . . Spaces Dug . | . . . . Terrain Destroyed 13 | . 13 . . Melee . | . . . . Projectile . | . . . . AOE 13 | . 13 . . Actions | -11 -10 -9 -8 --------- Run | Scr Mat Mat Mat Total 1181 | 50 502 244 385 Wait 128 | 2 60 35 31 Move 898 | 37 378 181 302 Hop . | . . . . Pick Up 26 | 5 10 5 6 Fast Attach 14 | 6 5 1 2 Attach 8 | . 1 3 4 Detach 3 | . 3 . . Swap 12 | . 5 5 2 Drop 20 | . 13 4 3 Fire 72 | . 27 10 35 Melee . | . . . . Ram . | . . . . Kick . | . . . . Crush . | . . . . Escape Stasis . | . . . . Rewire . | . . . . Trap . | . . . . Miscellaneous . | . . . . Route ------- -11/Scrapyard -10/Materials (discovered 4 exits: *Mat x3 / [*Min]) -9/Materials -8/Materials History --------- Turn | Location | Event 9 | -11/Scrapyard | Discovered new exit (range 15) 54 | -11/Scrapyard | Entered Materials 60 | -10/Materials | Discovered new exit (range 16) 157 | -10/Materials | Discovered new exit (range 5) 299 | -10/Materials | Discovered new exit (range 6) 313 | -10/Materials | Build established: Mutant 559 | -10/Materials | Discovered new exit (range 3) 609 | -10/Materials | Entered another Materials area 609 | -9/Materials | Evolved 2 slots: Propulsion x2 752 | -9/Materials | Discovered new exit (range 13) 784 | -9/Materials | Entered another Materials area 784 | -8/Materials | Evolved 2 slots: Utility x2 1095 | -8/Materials | Build established: Hacker-Mutant 1241 | -8/Materials | Self-destructed Last Messages --------------- 01153_ U-05 Engineer lays Concrete. 01161_ Imp. Hover Unit destroyed. 01168_ System corrupted: Beam Rifle targeting data glitched. 01168_ Destroyed Particle Gun. 01175_ Overheating: Imp. Medium Laser damaged (-16). 01177_ G-47 Trooper destroyed. 01179_ K-01 Serf collects debris. 01180_ Power failure, Imp. Deuterium Engine shutdown. 01183_ K-01 Serf collects debris. 01185_ Overheating: Matter decay (-48). 01190_ R-06 Scavenger collects Lrg. Storage Unit. 01199_ Acquired Arm. Treads. 01209_ Hadron Collector disabled. 01224_ Imp. Medium Laser destroyed. 01226_ Beam Rifle destroyed. 01227_ K-01 Serf collects debris. 01229_ R-06 Scavenger collects Lrg. Storage Unit. 01232_ R-06 Scavenger collects Transport Network Coupler. 01233_ Lgt. Treads destroyed. 01235_ Hacking Suite destroyed. Map ----- +----------------------------------------------------+ | ?????????????????????????????????????????????????# | | ########?????????????????????????###########?????# | | # ] #?????????????????????????# #?????# | | # #????????????????########?# #?????# | | #""" #????????????????# #?# #?????# | | #""" #????????????????# #?# #?????? | | #""" !#????????????????# #?# #?????? | | # #??????????####### #?? #?????? | | ####+###??????????# # #???? #??#### | | # #???######?### / # ???????? ???# | | #+## #???# """ #/ ###+############+###??# ## | | # #???# """"" # # #?## ## | | "" # #???# """"" # """ # ### # | | "" # #???# """"" # """ + """" """" T # | | "" # #???# """ # """ # """" """" ### # | | # #???# # # """" "" " ####+## | | #### #???# # """ # ! # | | ???# ##### # """ # ! %! # * | | ???# + # """ # """ ggg""" ! ! # | | ???# #####+#### # "R """ %=# ** | | ???# ## ####### """ """ # ** | | ""?# ####### # ** | | "" # [%!!% ###### | | ?? + % == % ?? | | ???# ^ | | ???# #######@######## """ """ """ | | ???##### ## #?# #??# """ """ """ | | ???????# ## ###?# T #??# """ """ """ | | ???????# #! !#???# #??# """ """ """ | | ???????# #! !#???# #??# """ ""? ""? | | ???????# ##!!!!##???###########??# ?? ?? | | ######## #######?????????????????# ???? ?? | | # #####???????????????????# """ ""????"? | | "" """ # #????????????????????? """ "??????? | | "" """ # #????????????????????? "?? "??????? | | "" """ + #????????????????????? ???? ???????? | | "" """ # #?????????????????????????? ???????? | | "" """ # #???????????????????????????????????? | | ## ##???????????????????????????????????? | | * ## #????????????????????????????????????? | | ######### #????????????????????????????????????? | | ????????# #####????????????????????????????????? | | ????????# ** #????????????????????????????????? | | ????????# * #????????????????????????????????? | | ????????# ]]#????????????????????????????????? | | ????????##### ]]#????????????????????????????????? | | ????????????# !#????????????????????????????????? | | ????????????# !!#????????????????????????????????? | | ????????????#####????????????????????????????????? | | ?????????????????????????????????????????????????? | +----------------------------------------------------+ Best States ------------- Heat Dissipation 31 Energy Generation 16 Energy Capacity 290 Matter Stores 300 Matter Capacity 300 Sight Range 16 Robot Scan Range 10 Terrain Scan Density 10 Evasion (%) 55 Targeting Accuracy 8 Recoil Reduction 3 Offensive Hacking 20 Item Schematics ----------------- None Robot Schematics ------------------ None Fabricated ------------ Nothing Alien Tech Used ----------------- None Achievements -------------- None Challenges ------------ None Game ------ Seed SniperArmoredGuard Manual? 0 Play Time 00:20:38 Cumulative 84.6 hours Start 2020.02.09 @ 13:57:03 End 2020.02.11 @ 10:32:25 Sessions 3 Manual Loads 0 Difficulty Rogue Special Mode None Game No. 84 Rogue 84 Adventurer 0 Explorer 0 Win Type - Total 0 Types 0/0/0/0/0/0/0 Lore% 26 Gallery% 51 Achievement% 28 Wizard Run 0 Options --------- ASCII 0 Keyboard 1 Movement Vi Keybinds 0 Fullscreen 2 Font 32/Smallcaps Map View 76x50 Tactical HUD 1 Map Filters NONE Filters NONE Steam 1 RUN: 6aef5f9a-5a90-49b0-9fae-702f79c16fe8